 Dungeon Crawl Stone Soup version 0.17-a0-1763-g847a857 (webtiles) character file.

4125 achirane the Cleaver (level 10, 0/70 HPs)
             Began as a Formicid Fighter on Sept 4, 2015.
             Was a Priest of Okawaru.
             Killed from afar by a deep elf mage (6 damage)
             ... with a bolt of magma
             ... on level 9 of the Dungeon.
             The game lasted 00:32:16 (8290 turns).

achirane the Cleaver (Formicid Fighter)             Turns: 8290, Time: 00:32:16

Health: 0/70       AC:  9    Str: 24    XL:     10   Next: 51%
Magic:  9/10       EV: 12    Int:  8    God:    Okawaru [***...]
Gold:   429        SH: 13    Dex: 10    Spells: 0 memorised, 9 levels left

rFire  + . .     SeeInvis +     a - +2 hand axe (elec)
rCold  . . .     Clarity  .     b - +0 scale mail
rNeg   . . .     SustAt   .     c - +0 shield
rPois  .         Gourm    .     (helmet unavailable)
rElec  .         Spirit   .     (no cloak)
rCorr  .         Warding  .     (no gloves)
rMut   .         Stasis   +     (no boots)
MR     +....                    (no amulet)
Stlth  +.........               J - ring of wizardry
                                m - ring of protection from fire

@: heroism, somewhat resistant to hostile enchantments, very unstealthy
A: permanent stasis, dig shafts and tunnels, four strong arms, antennae 3
a: Dig, Shaft Self, Heroism, Renounce Religion


You were on level 9 of the Dungeon.
You worshipped Okawaru.
Okawaru was most pleased with you.
You were not hungry.

You visited 2 branches of the dungeon, and saw 10 of its levels.

You collected 429 gold pieces.

Inventory:

Hand weapons
 a - a +2 hand axe of electrocution (weapon)
 z - a +0 hunting sling
 H - a +0 hand axe of chopping
 X - a +1 hand axe of venom
Missiles
 i - 45 sling bullets
 q - 5 curare-tipped needles
 r - 3 needles of sleeping
 A - 11 tomahawks (quivered)
 N - 18 poisoned needles
Armour
 b - a +0 scale mail (worn)
 c - a +0 shield (worn)
 K - a +0 plate armour
Jewellery
 m - a ring of protection from fire (left hand)
 n - an uncursed ring of sustain attributes
 J - a ring of wizardry (right hand)
Magical devices
 O - a wand of fire (4)
 Q - a wand of confusion (15)
 Z - a wand of disintegration (9)
Scrolls
 f - 3 scrolls of noise {unknown}
 g - 4 scrolls of enchant weapon {unknown}
 h - 7 scrolls of remove curse {unknown}
 k - 4 scrolls of identify {unknown}
 l - 8 scrolls of teleportation {unknown}
 u - 2 scrolls of blinking {unknown}
 y - a scroll of recharging {unknown}
 B - 2 scrolls of immolation {unknown}
 G - a scroll of enchant armour {unknown}
 M - a scroll of magic mapping {unknown}
 P - 3 scrolls of random uselessness {unknown}
 U - a scroll of fear {unknown}
 V - a scroll of amnesia {unknown}
Potions
 d - a potion of might
 o - 5 potions of curing
 v - 3 potions of flight {unknown}
 w - a potion of cancellation {unknown}
 D - a potion of poison {unknown}
 E - a potion of berserk rage {unknown}
 F - a potion of heal wounds {unknown}
 R - a potion of cure mutation {unknown}
 S - a potion of haste {unknown}
 W - 2 potions of agility {unknown}
Books
 I - a book of the Warp

   Spells                             Type                      Level
   a - Recall                         Summoning/Translocation      3
   b - Gell's Gravitas                Hexes/Translocation          3
   c - Force Lance                    Conjuration/Translocation    4
   d - Phase Shift                    Translocation                5
   e - Warp Weapon                    Charms/Translocation         5
   f - Summon Forest                  Summoning/Translocation      5
 T - a book of Battle

   Spells                             Type                      Level
   a - Infusion                       Charms                       1
   b - Shroud of Golubria             Charms/Translocation         2
   c - Song of Slaying                Charms                       2
   d - Spectral Weapon                Hexes/Charms                 3
   e - Regeneration                   Charms/Necromancy            3
Comestibles
 e - 11 bread rations
 j - a chunk of flesh
 s - 2 fruits
 t - a beef jerky
 x - a royal jelly
 C - a meat ration
 L - a slice of pizza


   Skills:
 - Level 3.2(8.2) Fighting
 - Level 11.0(16.0) Axes
 + Level 8.7(13.7) Armour
 + Level 8.2(13.2) Shields
 - Level 0.8 Invocations


You had 9 spell levels left.
You didn't know any spells.

Dungeon Overview and Level Annotations

Branches:
Dungeon (9/15)             Temple (1/1) D:4
   Lair: D:8-11         Orc: D:9-12

Altars:
Ashenzari
Cheibriados
Dithmenos
Elyvilon
Fedhas
Gozag
Kikubaaqudgha
Makhleb
Nemelex Xobeh
Okawaru
Qazlal
Ru
Sif Muna
Trog
Vehumet
Xom
Yredelemnul
Zin
The Shining One

Shops:
D:7 }

Annotations:
D:9 exclusion: 2 doors


Innate Abilities, Weirdness & Mutations

You are under a permanent stasis effect.
You can dig through walls and to a lower floor.
Your four strong arms can wield two-handed weapons with a shield.
You have a pair of large antennae on your head (SInv).


Message History

* * * LOW HITPOINT WARNING * * *
You barely miss the deep elf mage.
The deep elf mage is lightly wounded.
You closely miss the deep elf mage.
The deep elf mage is lightly wounded.
The deep elf mage points at you and mumbles some strange words.
The bolt of magma hits you! You partially resist.
* * * LOW HITPOINT WARNING * * *
You slash the deep elf mage!
The deep elf mage is moderately wounded.
The deep elf mage closely misses you.
Drink which item? (? for menu, Esc to quit)
Okay, then.
You slash the deep elf mage!
The deep elf mage is severely wounded.
You barely miss the deep elf mage.
The deep elf mage is severely wounded.
The deep elf mage gestures at you while chanting.
The bolt of magma hits you! You partially resist.
You die...

... ... #.... .... #
#....#######.... #
#............... ##
#............... .#
#............... .#
.#...............
.######.#......[@e......
........#.......)######.
........#..#####.#
......# #.# ##....#
#.### .#..### #...#
.#..# #...# .+..######
#...# .#.......# #...#


You could see a deep elf mage.

Vanquished Creatures
  Pikel (D:4)
  A spriggan (D:7)
  A hippogriff (D:8)
  A sky beast (D:9)
  An ice beast (D:7)
  2 phantoms
  3 slaves (D:4)
  2 black bears (D:9)
  A centaur (D:9)
  2 ogres (D:5)
  5 orc warriors
  A crocodile (D:9)
  7 giant frogs
  A water moccasin skeleton (D:9)
  5 scorpions
  Dowan (D:4)
  3 crimson imps
  2 giant frog skeletons
  15 orc wizards
  2 jellies
  4 orc priests
  An iguana (D:7)
  6 worker ants
  A hound skeleton (D:6)
  Robin (D:4)
  7 gnolls
  7 adders
  2 oozes (D:1)
  An adder skeleton (D:4)
  3 worms
  44 orcs
  7 giant cockroaches
  15 goblins
  9 hobgoblins
  12 jackals
  13 kobolds
  3 quokkas
  A ball python (D:1)
  7 bats
  4 giant geckos
  A giant gecko skeleton (D:7)
  6 giant newts
  A quokka skeleton (D:5)
  A quokka zombie (D:5)
  4 rats
218 creatures vanquished.

Vanquished Creatures (others)
  Duvessa (D:4)
1 creature vanquished.

Grand Total: 219 creatures vanquished

Notes
Turn   | Place    | Note
--------------------------------------------------------------
     0 | D:1      | achirane the Formicid Fighter began the quest for the Orb.
     0 | D:1      | Reached XP level 1. HP: 18/18 MP: 1/1
   161 | D:1      | Reached XP level 2. HP: 21/24 MP: 2/2
   356 | D:1      | Reached XP level 3. HP: 29/29 MP: 3/3
  1039 | D:2      | Reached XP level 4. HP: 27/35 MP: 4/4
  1040 | D:2      | Reached skill level 4 in Axes
  1289 | D:2      | Reached XP level 5. HP: 28/41 MP: 5/5
  1768 | D:3      | Reached skill level 5 in Axes
  2544 | D:3      | Reached XP level 6. HP: 47/47 MP: 6/6
  2613 | D:3      | Found a sparkling altar of Nemelex Xobeh.
  2842 | D:4      | Noticed Duvessa
  2842 | D:4      | Noticed Dowan
  2946 | D:4      | Noticed a slave
  2956 | D:4      | Killed a slave
  2977 | D:4      | Noticed a slave
  2990 | D:4      | Killed a slave
  3016 | D:4      | Noticed Pikel
  3016 | D:4      | Noticed a slave
  3017 | D:4      | Noticed a slave
  3032 | D:4      | Killed a slave
  3043 | D:4      | Killed Pikel
  3043 | D:4      | Reached skill level 8 in Axes
  3043 | D:4      | Reached XP level 7. HP: 30/52 MP: 7/7
  3201 | D:4      | Reached XP level 8. HP: 58/58 MP: 8/8
  3532 | D:4      | Noticed Robin
  3548 | D:4      | Killed Robin
  3572 | D:4      | Found a staircase to the Ecumenical Temple.
  3616 | D:4      | Killed Dowan
  3616 | D:4      | Reached skill level 9 in Axes
  3771 | D:4      | Killed Duvessa
  4161 | Temple   | Entered the Ecumenical Temple
  4268 | Temple   | Became a worshipper of Warmaster Okawaru
  4308 | D:5      | Entered Level 5 of the Dungeon
  4731 | D:5      | Acquired Okawaru's first power
  4731 | D:5      | Reached skill level 10 in Axes
  5219 | D:6      | Reached XP level 9. HP: 59/64 MP: 9/9
  5428 | D:6      | Reached skill level 11 in Axes
  5996 | D:7      | Reached skill level 5 in Armour
  6360 | D:7      | Reached skill level 5 in Shields
  6489 | D:7      | Found Coubafas's Gadget Boutique.
  7049 | D:8      | Reached XP level 10. HP: 57/70 MP: 10/10
  7498 | D:8      | Found a sacrificial altar of Ru.
  7556 | D:8      | Found a bloodstained altar of Trog.
  8290 | D:9      | Killed from afar by a deep elf mage

Vault maps used:
D:1:      dpeg_arrival_round_c
D:3:      nemelex_spade_bored_becter
D:4:      minmay_temple_entry_statues, first_bread,
          hangedman_decor_diamond_cutter, uniq_pikel, uniq_duvessa, uniq_robin
D:7:      serial_shops, kennysheep_mini_moat, the_bakery
D:8:      bloody_trog, nicolae_ru_sacrificial_ziggurat
D:9:      lightli_wizard_tower
Temple:   kilobyte_greek_temple_18

Action                   |  1- 3 |  4- 6 |  7- 9 | 10-12 || total
-------------------------+-------+-------+-------+-------++-------
Melee: War axe           |    81 |    87 |       |       ||   168
       Hand axe          |       |    60 |   272 |   146 ||   478
 Fire: Hunting sling     |       |    14 |    27 |     6 ||    47
Throw: Tomahawk          |       |       |     9 |     2 ||    11
Invok: Heroism           |       |       |     2 |     2 ||     4
 Abil: Dig               |       |       |     2 |       ||     2
  Use: Potion            |       |       |       |     1 ||     1
  Eat: Chunk             |       |     7 |    13 |     4 ||    24
